 Dungeon Crawl Stone Soup version 0.28-a0-1143-gcf6077d4cc (webtiles) character file.

Game seed: 1443695558046667172

70 spaghetti the Sneak (level 4, 0/35 HPs)
             Began as a Mummy Delver on Dec 14, 2021.
             Slain by a bullfrog (6 damage)
             ... on level 8 of the Dungeon.
             The game lasted 00:01:17 (718 turns).

spaghetti the Sneak (Mummy Delver)                   Turns: 718, Time: 00:01:17

Health: 0/35       AC:  3    Str: 17    XL:     4   Next: 4%
Magic:  4/4        EV: 12    Int:  9    God:
Gold:   38         SH:  0    Dex: 13    Spells: 3/3 levels left

rFire   x . .      SeeInvis .   a - +0 falchion {long}
rCold   + . .      Faith    .   (no shield)
rNeg    + + +      Spirit   .   b - +0 leather armour
rPois   ∞          Reflect  .   (no helmet)
rElec   .          Harm     .   (no cloak)
rCorr   .          Rampage  .   (no gloves)
Will    .....                   (no boots)
Stlth   ++........              (no amulet)
HPRegen 0.11/turn               (no ring)
MPRegen 0.09/turn               (no ring)

@: no status effects
A: cold resistance 1, negative energy resistance 3, torment resistance 2, heat
vulnerability 1, no potions
a: no special abilities


You were on level 8 of the Dungeon.
You visited 1 branch of the dungeon, and saw 3 of its levels.

You collected 38 gold pieces.


Innate Abilities, Weirdness & Mutations

You are immune to poison.
Your flesh is cold resistant. (rC+)
You are immune to negative energy. (rN+++)
You are immune to unholy pain and torment.
You are vulnerable to heat. (rF-)
You do not drink.


   Skills:
 + Level 3.5 Fighting
 + Level 2.2 Long Blades
 + Level 2.2 Dodging
 + Level 4.5 Stealth


You had 3 spell levels left.
You didn't know any spells.
Your spell library contained the following spells:

 Spells                   Type           Power      Damage    Failure   Level
 Fulminant Prism          Conj/Hex       0%         3d6       99%         4
 Iskenderun's Mystic Bla  Conj/Tloc      0%         2d3       99%         4
 Lee's Rapid Deconstruct  Erth           0%         3d5*      100%        5

Inventory:

Hand Weapons
 a - a +0 falchion (weapon) {long}
Missiles
 g - 7 arrows
Armour
 b - a +0 leather armour (worn)
Wands
 f - a wand of digging (3)
Scrolls
 c - a scroll of fog
 d - a scroll of magic mapping {!r}

Dungeon Overview and Level Annotations

Branches:
Dungeon (6/15)               Lair (0/6) D:8
 Temple: D:4-7

Altars:

######
######....#######
......P.......F@#
....P......####h#
S.P.PPPPP..P.##.#


.P.PP.PPPF....PY# P.PPPP.$.PP.....# .PP..PP.PPPPPP..# PP.PPPP.......P.#
P.PPFsPPP.PPPP...# P...PP...PPPP...>. You could see a yak, a black bear and a
bullfrog.


Message History

Found 17 gold pieces.
Found a staircase to the Lair.
Unknown command.
Unknown command.
Unknown command.
Unknown command.
Okay, then.
Okay, then.
The yak bellows!
The bullfrog croaks.
You hear an angry buzzing noise.
You hear a shout!
The water moccasin hisses angrily.
The yak bellows!
The black bear growls angrily.
The yak snorts and paws the ground.
A kobold brigand comes into view.
It is wielding a +0 dagger and quivering poisoned darts.
The water moccasin hisses angrily.
Unknown command.
Unknown command.
Unknown command.
Unknown command.
Okay, then.
You can't drink.
Unknown command.
As you read the scroll of fear, it crumbles to dust.
You assume a fearsome visage.
The black bear looks frightened!
The water moccasin looks frightened!
The yak looks frightened!
The bullfrog looks frightened!
The scorpion looks frightened!
The water moccasin looks frightened!
The yak looks frightened!
The bullfrog looks frightened!
The kobold brigand looks frightened!
The kobold looks frightened!
The kobold shouts!
The kobold looks frightened!
You hear an angry growl.
The bullfrog hits the fungus!
The fungus begins to die.
The bullfrog hits the fungus!
The fungus begins to die.
Unknown command.
Unknown command.
The bullfrog hits something!
Cornered, the bullfrog turns to fight!
The scorpion stings the fungus.
The fungus begins to die.
The bullfrog hits the fungus.
The fungus begins to die.
Cornered, the bullfrog turns to fight!
Found a stone staircase leading down.
The scorpion stings something!
Cornered, the scorpion turns to fight!
A nearby fungus withers and dies.
The bullfrog hits the fungus.
The fungus begins to die.
The bullfrog hits the fungus.
The scorpion stings the plant!
The plant begins to die.
Something completely misses the plant.
The black bear seems to regain its courage.
You barely miss the black bear. The bullfrog barely misses you.
The black bear bites you! The black bear closely misses you.
The black bear barely misses you. The bullfrog hits you. 😮 HP[-10]
You take 10 damage, and now have 25/35 hp.
MASSIVE DAMAGE!! (PAUSE) Unknown command.
You can't drink.
Unknown command.
Okay, then.
Okay, then.
Unknown command.
Aiming: Dig
Press: ? - help, Shift-Dir - straight line Digging in that direction won't affect any walls.
A stone wall.
Okay, then.
Unknown command.
Okay, then.
Unknown command.
You can't drink.
Unknown command.
The black bear bites you. The black bear closely misses you.
The black bear claws you. 😮 HP[-4]
You take 4 damage, and now have 21/35 hp.
Unknown command.
Unknown command.
Unknown command.
You closely miss the bullfrog. The bullfrog hits you.
The black bear bites you but does no damage.
The black bear barely misses you.
The black bear claws you but does no damage.
The bullfrog barely misses you. 😮 HP[-2]
You take 2 damage, and now have 19/35 hp.
You hit the bullfrog. The bullfrog hits you!
* * * LOW HITPOINT WARNING * * *
The black bear bites you.
* * * LOW HITPOINT WARNING * * *
The black bear claws you but does no damage. x2
The bullfrog hits you.
* * * LOW HITPOINT WARNING * * *
😱 HP[-12]
You take 12 damage, and now have 7/35 hp.
MASSIVE DAMAGE!! (PAUSE) Unknown command.
Unknown command.
You closely miss the bullfrog.
The black bear bites you but does no damage.
The black bear claws you.
* * * LOW HITPOINT WARNING * * *
The black bear barely misses you. The bullfrog hits you.
You die...

Skill      XL: |  1 |
---------------+----+-----
Long Blades    | 2 |  2.2
Dodging        | 2 |  2.2
Fighting       | |  3.5
Stealth        | |  4.5

Action                   |  1- 3 |  4- 6 || total
-------------------------+-------+-------++-------
Melee: Falchion          |    18 |     4 ||    22
  Use: Scroll            |       |     1 ||     1
Armor: Leather armour    |    15 |     5 ||    20
Dodge: Dodged            |    11 |     7 ||    18

Levels and vault maps discovered:
D:5:      layout_basic, minmay_temple_entry_gardened_gates,
          ebering_ghost_reflecting_pool, minmay_misc_feat_x
D:6:      layout_loops_corners, uniq_edmund, uniq_duvessa, uniq_pikel
D:8:      layout_loops_ring, nicolae_hepliaklqana_hippocampus,
          due_lair_maze_entry_diamond, uniq_erica

Notes
Turn   | Place    | Note
-------+----------+-------------------------------------------
     0 | D:5      | spaghetti the Mummy Delver began the quest for the Orb.
     0 | D:5      | Reached XP level 1. HP: 18/18 MP: 1/1
     0 | D:5      | magus.rc [v1.9.6]
    10 | D:5      | You pick up a book of Blasting and begin reading...
    10 | D:5      | You add the spells Fulminant Prism, Iskenderun's Mystic
                  | Blast and Lee's Rapid Deconstruction to your library.
   251 | D:6      | Noticed a two-headed ogre
   289 | D:5      | Reached skill level 2 in Long Blades
   289 | D:5      | Reached skill level 2 in Dodging
   289 | D:5      | Reached XP level 2. HP: 13/24 MP: 2/2
   306 | D:5      | Reached XP level 3. HP: 10/29 MP: 3/3
   538 | D:5      | Reached XP level 4. HP: 18/35 MP: 4/4
   703 | D:5      | You fall into a shaft and drop 3 floors!
   703 | D:8      | Noticed a black bear
   703 | D:8      | Noticed a water moccasin
   703 | D:8      | Noticed a yak
   703 | D:8      | Noticed a bullfrog
   703 | D:8      | Noticed a scorpion
   703 | D:8      | Noticed a water moccasin
   703 | D:8      | Noticed a yak
   703 | D:8      | Noticed a bullfrog
   703 | D:8      | Noticed a black bear
   703 | D:8      | Found a staircase to the Lair.
   704 | D:8      | Noticed a kobold brigand
   717 | D:8      | HP: 7/35 [bullfrog (3)]
   718 | D:8      | Slain by a bullfrog

Vanquished Creatures
  A jelly (D:5)
  A centaur skeleton (D:5)
  An adder (D:5)
  An orc (D:5)
4 creatures vanquished.

Vanquished Creatures (others)
  11 fungi (D:8)
  5 plants (D:8)
16 creatures vanquished.

Grand Total: 20 creatures vanquished

Table legend:
 A = Non-vault XP
 B = Vault XP
 C = Vault XP percentage of total XP
 D = Non-vault monster count
 E = Vault monster count
 F = Vault count percentage of total count
                 A         B        C        D         E       F
            +---------+---------+-------+---------+---------+-------
      Total |     101 |       0 |   0.0 |       4 |       0 |   0.0
            +---------+---------+-------+---------+---------+-------
        D:5 |     101 |       0 |   0.0 |       4 |       0 |   0.0
            +---------+---------+-------+---------+---------+-------

Illustrated notes

Table legend:
 A = Kills in this place as a percentage of kills in entire the game.
 B = Kills by you in this place as a percentage of kills by you in the entire game.
 C = Kills by friends in this place as a percentage of kills by friends in the entire game.
 D = Other kills in this place as a percentage of other kills in the entire game.
 E = Experience gained in this place as a percentage of experience gained in the entire game.
 F = Experience gained in this place divided by the number of levels of this place that you have seen.
                   A       B       C       D       E      F
               +-------+-------+-------+-------+-------+----------------------
         Total | 100.0 | 100.0 |   N/A |   N/A | 100.0 |  33.7
       Dungeon | 100.0 | 100.0 |   N/A |   N/A | 100.0 |  33.7
               +-------+-------+-------+-------+-------+----------------------

Table legend: (Time is in decaauts)
 A = Elapsed time spent in this place.
 B = Non-inter-level travel time spent in this place.
 C = Inter-level travel time spent in this place.
 D = Time resting spent in this place.
 E = Time spent auto-exploring this place.
 F = Levels seen in this place.
 G = Mean time per level.
                   A        B        C        D        E       F      G
               +--------+--------+--------+--------+--------+-----+--------+
         Total |    722 |    709 |     13 |    543 |     79 |   3 |  240.7 |
       Dungeon |    722 |    709 |     13 |    543 |     79 |   3 |  240.7 |
               +--------+--------+--------+--------+--------+-----+--------+

Top non-repeatable levels by time:
     D:5: 455 daAuts
     D:6: 251 daAuts
     D:8: 15 daAuts
